General information
- name: BNet
- type: Ladder team game (AT/RT)
- host: Battle.net
- saver: Mata.
map: UpperKingdom
- players: 6
- length: 103:09
- speed: Fast
- version: 1.21 W3XP
- replay type:

» download(640 KB)
Players
team 1 (winner)
dIRTMCWORDUp (
yellow | 42 APM | 4340 actions | 103:08)
5 Warden
3 Shadow Strike
2 Blink
» actions
| Assign group hotkey | 39 | |
| Basic commands | 61 | |
| Build / train | 103 | |
| ESC pressed | 9 | |
| Enter build submenu | 30 | |
| Enter hero's abilities submenu | 5 | |
| Give item / drop item | 1 | |
| Right click | 2273 | |
| Select / deselect | 549 | |
| Select group hotkey | 838 | |
| Use ability | 432 | |
4340 total
» units
| Wisp | 35 | |
| Druid of the Talon | 13 | |
| Glaive Thrower | 1 | |
| Dryad | 24 | |
73 total
» upgrades
| Ultravision | 1 | |
| Vorpal Blades | 1 | |
| Nature's Blessing | 1 | |
| Druid of the Talon Training | 2 | |
| Strength of the Wild | 3 | |
| Reinforced Hides | 3 | |
| Backpack | 1 | |
| Well Spring | 1 | |
| Mark of the Talon | 1 | |
| Abolish Magic | 1 | |
15 total
» buildings
| Altar of Elders | 2 | |
| Moon Well | 12 | |
| Hunter's Hall | 1 | |
| Tree of Ages | 1 | |
| Ancient of War | 1 | |
| Tree of Life | 3 | |
| Ancient of Wind | 2 | |
| Tree of Eternity | 1 | |
| Ancient of Wonders | 1 | |
| Ancient of Lore | 2 | |
26 total
» build order
00:02 Altar of Elders
00:22 Moon Well
01:20 Moon Well
03:12 Hunter's Hall
04:29 Tree of Ages
05:22 Moon Well
05:31 Moon Well
05:42 Ancient of War
06:04 Tree of Life
08:30 Ancient of Wind
08:43 Ancient of Wind
09:46 Tree of Eternity
09:52 Moon Well
09:54 Moon Well
11:00 Ancient of Wonders
14:38 Tree of Life
25:00 Ancient of Lore
25:03 Ancient of Lore
26:07 Tree of Life
38:54 Altar of Elders
39:14 Moon Well
40:03 Moon Well
40:08 Moon Well
41:00 Moon Well
41:05 Moon Well
42:07 Moon Well
» items
| Staff of Preservation | 1 | |
| Orb of Venom | 1 | |
| Scroll of Town Portal | 4 | |
| Potion of Healing | 1 | |
7 total
iggy_the_fisk (
red | 63 APM | 6475 actions | 103:08)
4 Archmage
2 Blizzard
2 Brilliance Aura
2 Blood Mage
1 Flame Strike
1 Siphon Mana
1 Mountain King
1 Storm Bolt
» actions
| Assign group hotkey | 48 | |
| Basic commands | 16 | |
| Build / train | 169 | |
| Enter build submenu | 125 | |
| Enter hero's abilities submenu | 7 | |
| Give item / drop item | 5 | |
| Remove unit from queue | 4 | |
| Right click | 2979 | |
| Select / deselect | 868 | |
| Select group hotkey | 1810 | |
| Use ability | 444 | |
6475 total
» units
| Peasant | 37 | |
| Dragonhawk Rider | 19 | |
56 total
» upgrades
| Masonry | 3 | |
| Lumber Harvesting | 2 | |
| Magic Sentry | 1 | |
| Animal War Training | 1 | |
| Swords | 2 | |
| Armor | 2 | |
11 total
» buildings
| Altar of Kings | 1 | |
| Farm | 10 | |
| Lumber Mill | 1 | |
| Scout Tower | 134 | |
| Guard Tower | 67 | |
| Arcane Vault | 1 | |
| Keep | 1 | |
| Castle | 1 | |
| Town Hall | 3 | |
| Gryphon Aviary | 1 | |
| Arcane Sanctum | 1 | |
| Blacksmith | 1 | |
| Barracks | 1 | |
| Arcane Tower | 3 | |
226 total
» build order
00:05 Altar of Kings
00:19 Farm
00:48 Farm
00:51 Lumber Mill
01:32 Scout Tower
01:51 Scout Tower
02:07 Guard Tower
02:12 Scout Tower
02:16 Scout Tower
02:17 Scout Tower
02:25 Guard Tower
02:27 Scout Tower
02:42 Scout Tower
02:42 Scout Tower
03:12 Guard Tower
03:14 Guard Tower
03:22 Scout Tower
03:42 Guard Tower
03:48 Arcane Vault
03:49 Guard Tower
03:53 Scout Tower
03:54 Scout Tower
04:00 Guard Tower
04:02 Scout Tower
04:04 Scout Tower
04:08 Scout Tower
04:09 Scout Tower
04:20 Guard Tower
04:30 Guard Tower
04:58 Guard Tower
04:59 Scout Tower
04:59 Scout Tower
05:03 Guard Tower
05:04 Scout Tower
05:05 Scout Tower
05:29 Scout Tower
05:31 Scout Tower
05:39 Scout Tower
05:40 Scout Tower
05:43 Guard Tower
05:56 Guard Tower
05:56 Keep
05:58 Guard Tower
06:04 Guard Tower
06:13 Guard Tower
06:17 Guard Tower
06:35 Guard Tower
06:40 Scout Tower
06:42 Scout Tower
06:44 Guard Tower
07:20 Scout Tower
07:23 Guard Tower
07:38 Guard Tower
07:41 Scout Tower
07:42 Scout Tower
08:22 Guard Tower
08:25 Castle
08:29 Farm
08:30 Farm
08:35 Scout Tower
08:55 Scout Tower
08:57 Guard Tower
09:00 Scout Tower
09:01 Scout Tower
09:49 Guard Tower
09:54 Scout Tower
10:02 Guard Tower
10:19 Scout Tower
10:20 Scout Tower
10:29 Guard Tower
10:53 Guard Tower
11:24 Guard Tower
12:23 Town Hall
13:24 Scout Tower
13:25 Scout Tower
13:26 Scout Tower
13:26 Scout Tower
13:28 Scout Tower
13:29 Scout Tower
13:30 Scout Tower
13:31 Scout Tower
13:34 Scout Tower
13:35 Scout Tower
13:36 Scout Tower
13:37 Scout Tower
13:48 Scout Tower
13:49 Scout Tower
14:34 Guard Tower
14:43 Guard Tower
14:49 Scout Tower
14:50 Scout Tower
14:54 Scout Tower
15:01 Scout Tower
15:05 Scout Tower
15:06 Scout Tower
15:24 Guard Tower
15:28 Gryphon Aviary
15:35 Scout Tower
15:36 Scout Tower
16:05 Guard Tower
17:18 Farm
17:20 Farm
17:22 Guard Tower
17:30 Scout Tower
17:31 Scout Tower
17:34 Scout Tower
17:35 Scout Tower
17:38 Scout Tower
17:40 Scout Tower
17:46 Scout Tower
18:05 Guard Tower
18:10 Guard Tower
18:11 Guard Tower
18:24 Guard Tower
18:32 Guard Tower
19:23 Scout Tower
19:25 Scout Tower
19:29 Scout Tower
19:53 Scout Tower
19:54 Scout Tower
20:00 Guard Tower
20:08 Town Hall
20:12 Scout Tower
20:13 Scout Tower
20:14 Scout Tower
20:15 Scout Tower
20:16 Scout Tower
20:17 Scout Tower
20:21 Scout Tower
20:22 Scout Tower
20:24 Scout Tower
20:25 Scout Tower
20:26 Scout Tower
20:30 Scout Tower
20:31 Scout Tower
20:31 Scout Tower
20:32 Scout Tower
20:35 Scout Tower
20:36 Scout Tower
20:37 Scout Tower
20:38 Scout Tower
20:52 Guard Tower
21:02 Guard Tower
21:08 Guard Tower
21:52 Arcane Sanctum
21:56 Guard Tower
22:12 Guard Tower
22:15 Scout Tower
22:16 Scout Tower
22:20 Scout Tower
22:21 Scout Tower
22:43 Scout Tower
22:45 Scout Tower
23:12 Guard Tower
23:13 Scout Tower
23:15 Scout Tower
23:19 Guard Tower
23:21 Scout Tower
23:22 Scout Tower
23:40 Guard Tower
23:45 Guard Tower
24:06 Blacksmith
24:10 Barracks
24:21 Guard Tower
24:26 Guard Tower
24:30 Guard Tower
24:57 Guard Tower
25:58 Town Hall
26:04 Scout Tower
26:05 Scout Tower
26:06 Scout Tower
26:06 Scout Tower
26:10 Scout Tower
26:11 Scout Tower
26:19 Scout Tower
26:20 Scout Tower
26:21 Scout Tower
26:21 Scout Tower
26:24 Scout Tower
26:26 Scout Tower
26:57 Guard Tower
26:59 Guard Tower
27:01 Scout Tower
27:01 Scout Tower
27:11 Scout Tower
27:13 Scout Tower
27:13 Scout Tower
27:14 Scout Tower
27:30 Guard Tower
27:34 Scout Tower
27:34 Scout Tower
27:37 Scout Tower
27:42 Scout Tower
27:42 Scout Tower
27:46 Guard Tower
27:57 Guard Tower
27:58 Scout Tower
27:59 Scout Tower
27:59 Scout Tower
28:02 Scout Tower
28:02 Scout Tower
28:05 Scout Tower
28:06 Scout Tower
28:08 Guard Tower
28:54 Guard Tower
29:05 Guard Tower
29:40 Guard Tower
29:46 Guard Tower
30:16 Guard Tower
30:19 Guard Tower
30:38 Guard Tower
30:52 Guard Tower
40:19 Farm
40:20 Farm
41:53 Farm
42:43 Farm
59:03 Scout Tower
59:10 Scout Tower
59:38 Arcane Tower
60:19 Scout Tower
60:28 Scout Tower
61:05 Arcane Tower
62:08 Scout Tower
62:19 Scout Tower
62:46 Arcane Tower
» items
| Staff of Sanctuary | 3 | |
| Scroll of Regeneration | 4 | |
| Scroll of Town Portal | 8 | |
| Orb of Fire | 1 | |
16 total
Mata. (
orange | 64 APM | 6597 actions | 103:09)
4 Blademaster
2 Wind Walk
2 Critical Strike
» actions
| Assign group hotkey | 543 | |
| Basic commands | 11 | |
| Build / train | 82 | |
| ESC pressed | 4 | |
| Enter build submenu | 245 | |
| Enter hero's abilities submenu | 5 | |
| Give item / drop item | 1 | |
| Remove unit from queue | 9 | |
| Right click | 3551 | |
| Select / deselect | 1381 | |
| Select group hotkey | 144 | |
| Use ability | 621 | |
6597 total
» units
| Peon | 25 | |
| Troll Batrider | 5 | |
| Raider | 4 | |
| Shaman | 2 | |
| Troll Witch Doctor | -2 | |
| Kodo Beast | 1 | |
35 total
» upgrades
| Reinforced Defenses | 1 | |
| Ensnare | 1 | |
| Shaman Training | 2 | |
| Witch Doctor Training | 2 | |
| Spirit Walker Training | 0 | |
| Envenomed Spears | 1 | |
7 total
» buildings
| Altar of Storms | 1 | |
| Orc Burrow | 8 | |
| War Mill | 3 | |
| Watch Tower | 171 | |
| Stronghold | 2 | |
| Voodoo Lounge | 1 | |
| Fortress | 3 | |
| Great Hall | 1 | |
| Beastiary | 4 | |
| Spirit Lodge | 1 | |
195 total
» build order
00:06 Altar of Storms
00:22 Orc Burrow
00:52 War Mill
01:38 Orc Burrow
02:09 Watch Tower
02:12 Watch Tower
02:22 Watch Tower
02:23 Watch Tower
02:38 Watch Tower
03:27 Watch Tower
03:31 Watch Tower
03:35 Watch Tower
03:38 Watch Tower
04:22 Watch Tower
04:55 Watch Tower
05:02 Watch Tower
05:03 Watch Tower
05:25 Watch Tower
05:26 Watch Tower
05:27 Watch Tower
05:29 Watch Tower
05:30 Watch Tower
05:30 Watch Tower
05:58 Stronghold
05:58 Stronghold
06:37 Watch Tower
06:39 Watch Tower
06:40 Watch Tower
06:42 Watch Tower
06:43 Watch Tower
06:43 Watch Tower
06:49 Watch Tower
06:50 Watch Tower
06:59 Watch Tower
07:18 Voodoo Lounge
07:43 Watch Tower
07:44 Watch Tower
07:45 Watch Tower
07:52 Watch Tower
07:53 Watch Tower
07:54 Watch Tower
08:13 Watch Tower
08:15 Watch Tower
08:28 Watch Tower
08:29 Watch Tower
08:52 Watch Tower
09:02 Fortress
09:03 Fortress
09:31 Great Hall
09:37 Watch Tower
09:38 Watch Tower
10:02 Watch Tower
10:10 Watch Tower
11:14 Watch Tower
11:15 Watch Tower
12:10 Beastiary
12:13 Beastiary
12:27 Watch Tower
12:27 Watch Tower
12:34 Watch Tower
13:40 Watch Tower
13:41 Watch Tower
14:24 Watch Tower
14:26 Watch Tower
14:33 Watch Tower
14:35 Watch Tower
14:36 Watch Tower
14:36 Watch Tower
14:39 Watch Tower
14:40 Watch Tower
14:45 Orc Burrow
15:36 Watch Tower
15:39 Watch Tower
15:41 Watch Tower
15:42 Watch Tower
15:46 Watch Tower
15:48 Watch Tower
16:48 Watch Tower
16:48 Watch Tower
16:49 Watch Tower
17:17 Watch Tower
17:17 Watch Tower
17:18 Watch Tower
17:19 Watch Tower
17:21 Watch Tower
18:13 Watch Tower
18:13 Watch Tower
18:16 Watch Tower
18:16 Watch Tower
18:17 Watch Tower
18:30 Watch Tower
19:08 Watch Tower
19:08 Watch Tower
19:16 Watch Tower
19:25 Watch Tower
19:25 Watch Tower
19:27 Watch Tower
19:34 Watch Tower
19:53 Watch Tower
19:54 Watch Tower
19:59 Watch Tower
20:00 Watch Tower
20:26 Watch Tower
20:27 Watch Tower
20:45 Watch Tower
20:45 Watch Tower
20:47 Watch Tower
20:48 Watch Tower
20:51 Watch Tower
20:54 Watch Tower
21:38 Watch Tower
21:39 Watch Tower
21:39 Watch Tower
21:59 Watch Tower
23:18 Watch Tower
23:19 Watch Tower
23:20 Watch Tower
23:26 Watch Tower
23:26 Watch Tower
23:26 Watch Tower
23:28 Watch Tower
23:28 Watch Tower
23:29 Watch Tower
23:32 Watch Tower
23:58 Watch Tower
24:01 Watch Tower
24:02 Watch Tower
24:05 Watch Tower
24:05 Watch Tower
24:47 Orc Burrow
24:47 Orc Burrow
24:51 Orc Burrow
25:19 Watch Tower
25:20 Watch Tower
25:21 Watch Tower
25:39 Watch Tower
25:47 Watch Tower
26:15 Watch Tower
26:28 Watch Tower
26:30 Watch Tower
28:34 Orc Burrow
28:35 Orc Burrow
30:00 Beastiary
30:36 Beastiary
30:41 Spirit Lodge
39:30 Watch Tower
39:31 Watch Tower
40:37 War Mill
40:42 War Mill
41:57 Watch Tower
42:02 Watch Tower
42:26 Watch Tower
42:29 Watch Tower
43:08 Watch Tower
43:10 Watch Tower
44:07 Watch Tower
44:13 Watch Tower
45:08 Watch Tower
46:13 Watch Tower
46:44 Watch Tower
47:21 Watch Tower
48:25 Watch Tower
49:20 Watch Tower
49:27 Watch Tower
49:31 Watch Tower
50:36 Watch Tower
50:55 Watch Tower
51:13 Watch Tower
51:16 Watch Tower
52:20 Watch Tower
52:43 Watch Tower
53:25 Watch Tower
53:55 Watch Tower
54:38 Watch Tower
55:04 Watch Tower
55:27 Watch Tower
55:28 Watch Tower
55:30 Watch Tower
55:54 Watch Tower
55:55 Watch Tower
58:17 Watch Tower
59:24 Watch Tower
60:21 Watch Tower
60:30 Watch Tower
61:10 Watch Tower
61:15 Watch Tower
61:24 Watch Tower
64:41 Watch Tower
64:58 Watch Tower
66:35 Watch Tower
67:52 Watch Tower
78:31 Watch Tower
78:34 Watch Tower
» items
| Orb of Lightning | 1 | |
| Healing Salve | 1 | |
| Tiny Great Hall | 1 | |
| Scroll of Town Portal | 1 | |
4 total
team 2 (loser)
CruelJustice (
purple | 104 APM | 10674 actions | 103:05)
6 Death Knight
3 Death Coil
2 Unholy Aura
1 Animate Dead
7 Lich
3 Frost Nova
2 Dark Ritual
1 Death and Decay
1 Frost Armor
» actions
| Assign group hotkey | 65 | |
| Basic commands | 659 | |
| Build / train | 160 | |
| Enter build submenu | 75 | |
| Enter hero's abilities submenu | 13 | |
| Give item / drop item | 5 | |
| Remove unit from queue | 27 | |
| Right click | 3555 | |
| Select / deselect | 1750 | |
| Select group hotkey | 3804 | |
| Use ability | 557 | |
10674 total
» units
| Acolyte | 6 | |
| Ghoul | 8 | |
| Crypt Fiend | 17 | |
| Frost Wyrm | 11 | |
| Obsidian Statue | 3 | |
| Gargoyle | 3 | |
| Barbed Arachnathid | 2 | |
50 total
» upgrades
| Web | 1 | |
| Creature Attack | 3 | |
| Creature Carapace | 3 | |
| Freezing Breath | 1 | |
| Burrow | 1 | |
| Destroyer Form | 1 | |
10 total
» buildings
| Crypt | 15 | |
| Graveyard | 1 | |
| Altar of Darkness | 1 | |
| Ziggurat | 46 | |
| Tomb of Relics | 4 | |
| Nerubian Tower | 2 | |
| Halls of the Dead | 3 | |
| Black Citadel | 2 | |
| Sacrificial Pit | 1 | |
| Spirit Tower | 11 | |
| Boneyard | 2 | |
| Necropolis | 3 | |
| Slaughterhouse | 1 | |
92 total
» build order
00:15 Crypt
00:19 Graveyard
00:39 Altar of Darkness
00:55 Ziggurat
01:13 Tomb of Relics
01:57 Ziggurat
02:56 Nerubian Tower
02:57 Nerubian Tower
04:15 Halls of the Dead
04:15 Halls of the Dead
04:52 Ziggurat
05:42 Ziggurat
06:37 Black Citadel
06:38 Black Citadel
07:40 Sacrificial Pit
08:18 Spirit Tower
09:10 Boneyard
11:24 Ziggurat
12:18 Necropolis
12:21 Ziggurat
14:37 Ziggurat
15:16 Boneyard
18:50 Slaughterhouse
20:09 Ziggurat
22:37 Necropolis
24:53 Tomb of Relics
24:54 Tomb of Relics
24:55 Tomb of Relics
28:27 Ziggurat
28:28 Ziggurat
28:29 Ziggurat
28:31 Ziggurat
28:32 Ziggurat
28:35 Ziggurat
29:59 Spirit Tower
29:59 Spirit Tower
30:04 Ziggurat
30:06 Ziggurat
30:07 Ziggurat
30:08 Ziggurat
30:09 Ziggurat
30:11 Ziggurat
30:12 Ziggurat
30:12 Ziggurat
30:13 Ziggurat
32:25 Spirit Tower
32:25 Spirit Tower
33:36 Necropolis
35:41 Ziggurat
35:42 Ziggurat
35:43 Ziggurat
35:43 Ziggurat
35:44 Ziggurat
35:45 Ziggurat
35:46 Ziggurat
35:48 Ziggurat
35:56 Ziggurat
35:59 Ziggurat
36:43 Spirit Tower
36:43 Spirit Tower
36:43 Spirit Tower
38:52 Spirit Tower
38:54 Ziggurat
38:55 Ziggurat
38:55 Ziggurat
38:56 Ziggurat
38:56 Ziggurat
38:57 Ziggurat
38:57 Ziggurat
38:58 Ziggurat
38:58 Ziggurat
38:58 Ziggurat
39:03 Ziggurat
39:03 Ziggurat
39:03 Ziggurat
40:31 Spirit Tower
66:06 Crypt
66:07 Crypt
66:09 Crypt
66:11 Crypt
66:12 Crypt
71:19 Crypt
71:20 Crypt
72:39 Crypt
72:40 Crypt
72:41 Crypt
72:42 Crypt
72:42 Crypt
72:50 Crypt
72:51 Crypt
» items
| Rod of Necromancy | 2 | |
| Dust of Appearance | 1 | |
| Orb of Corruption | 1 | |
| Scroll of Town Portal | 11 | |
| Potion of Mana | 1 | |
| Potion of Healing | 2 | |
18 total
TALONSAREIMBA (
green | 53 APM | 5506 actions | 103:00)
5 Priestess of the Moon
2 Searing Arrows
3 Trueshot Aura
» actions
| Assign group hotkey | 20 | |
| Basic commands | 299 | |
| Build / train | 251 | |
| ESC pressed | 20 | |
| Enter build submenu | 110 | |
| Enter hero's abilities submenu | 6 | |
| Remove unit from queue | 4 | |
| Right click | 2629 | |
| Select / deselect | 1674 | |
| Select group hotkey | 215 | |
| Use ability | 278 | |
5506 total
» units
| Wisp | 164 | |
| Huntress | 3 | |
| Glaive Thrower | 21 | |
| Archer | 7 | |
| Chimaera | 7 | |
| Hippogryph | 8 | |
| Barbed Arachnathid | 2 | |
212 total
» upgrades
| Strength of the Moon | 3 | |
| Vorpal Blades | 1 | |
| Well Spring | 1 | |
| Strength of the Wild | 3 | |
| Corrosive Breath | 1 | |
| Nature's Blessing | 1 | |
10 total
» buildings
| Altar of Elders | 1 | |
| Moon Well | 7 | |
| Hunter's Hall | 1 | |
| Ancient of War | 14 | |
| Ancient of Wonders | 3 | |
| Ancient Protector | 63 | |
| Tree of Life | 9 | |
| Tree of Ages | 2 | |
| Tree of Eternity | 2 | |
| Ancient of Wind | 1 | |
| Chimaera Roost | 3 | |
106 total
» build order
00:05 Altar of Elders
00:08 Moon Well
01:32 Hunter's Hall
01:57 Ancient of War
02:23 Ancient of War
02:49 Moon Well
05:46 Moon Well
06:44 Moon Well
06:48 Ancient of Wonders
07:00 Moon Well
07:21 Moon Well
07:48 Ancient of Wonders
08:07 Ancient Protector
09:16 Tree of Life
09:43 Ancient Protector
09:51 Ancient Protector
10:03 Ancient Protector
10:33 Ancient Protector
11:00 Ancient Protector
11:18 Ancient Protector
11:23 Ancient Protector
11:26 Ancient Protector
12:28 Ancient Protector
12:30 Ancient Protector
12:33 Ancient Protector
13:35 Ancient Protector
13:38 Ancient Protector
13:45 Tree of Life
15:23 Ancient Protector
15:58 Ancient Protector
16:00 Ancient Protector
16:03 Ancient Protector
16:34 Ancient Protector
17:18 Ancient Protector
17:43 Ancient Protector
17:45 Ancient Protector
19:05 Ancient Protector
19:50 Ancient Protector
19:53 Tree of Ages
20:47 Ancient Protector
20:50 Ancient Protector
22:16 Tree of Life
23:16 Ancient Protector
23:18 Ancient Protector
23:19 Ancient Protector
23:21 Ancient Protector
23:47 Ancient Protector
23:49 Ancient Protector
23:53 Ancient Protector
23:58 Ancient Protector
24:03 Ancient Protector
25:09 Ancient Protector
25:11 Ancient Protector
25:19 Ancient Protector
25:22 Ancient Protector
25:24 Ancient Protector
25:25 Ancient Protector
25:44 Ancient Protector
25:58 Ancient Protector
26:16 Ancient of Wonders
26:31 Ancient of War
26:46 Ancient Protector
27:01 Ancient Protector
27:29 Ancient Protector
27:49 Ancient Protector
27:51 Ancient Protector
28:08 Ancient Protector
28:16 Ancient Protector
28:24 Tree of Life
29:08 Tree of Life
29:12 Ancient Protector
30:06 Ancient Protector
30:08 Ancient Protector
30:12 Ancient Protector
30:14 Ancient of War
31:07 Ancient Protector
31:10 Ancient Protector
31:12 Ancient Protector
31:14 Ancient Protector
31:56 Ancient Protector
31:57 Ancient of War
32:32 Ancient of War
32:34 Ancient Protector
32:35 Ancient Protector
33:58 Ancient of War
34:35 Tree of Eternity
35:14 Ancient of War
35:17 Ancient of War
35:22 Ancient of War
35:26 Ancient of War
37:44 Ancient Protector
37:46 Ancient Protector
43:31 Tree of Life
45:12 Tree of Life
45:13 Ancient of War
45:18 Ancient of War
45:41 Ancient of War
60:04 Tree of Life
60:13 Tree of Life
62:38 Tree of Ages
66:42 Tree of Eternity
66:47 Ancient of Wind
69:41 Chimaera Roost
69:45 Chimaera Roost
70:29 Chimaera Roost
70:45 Moon Well
» items
| Dust of Appearance | 3 | |
| Potion of Healing | 6 | |
| Potion of Mana | 2 | |
| Scroll of Town Portal | 3 | |
| Staff of Preservation | 1 | |
15 total

»
YEAHSHESASSBATS (
pink | 90 APM | 9269 actions | 103:07)
7 Death Knight
3 Death Coil
3 Unholy Aura
1 Animate Dead
6 Lich
3 Frost Nova
2 Frost Armor
1 Death and Decay
5 Dreadlord
2 Sleep
3 Carrion Swarm
» actions
| Assign group hotkey | 163 | |
| Basic commands | 261 | |
| Build / train | 85 | |
| ESC pressed | 9 | |
| Enter build submenu | 21 | |
| Enter hero's abilities submenu | 18 | |
| Give item / drop item | 12 | |
| Remove unit from queue | 1 | |
| Right click | 4047 | |
| Select / deselect | 1051 | |
| Select group hotkey | 3366 | |
| Use ability | 234 | |
9269 total
» units
| Acolyte | 2 | |
| Ghoul | 2 | |
| Crypt Fiend | 6 | |
| Frost Wyrm | 11 | |
21 total
» upgrades
| Creature Attack | 3 | |
| Creature Carapace | 3 | |
| Web | 1 | |
| Freezing Breath | 1 | |
| Burrow | 1 | |
9 total
» buildings
| Crypt | 2 | |
| Ziggurat | 7 | |
| Graveyard | 1 | |
| Altar of Darkness | 1 | |
| Tomb of Relics | 1 | |
| Nerubian Tower | 1 | |
| Halls of the Dead | 1 | |
| Black Citadel | 1 | |
| Sacrificial Pit | 1 | |
| Boneyard | 3 | |
| Spirit Tower | 2 | |
21 total
» build order
00:08 Crypt
00:11 Crypt
00:13 Ziggurat
00:42 Graveyard
00:58 Altar of Darkness
01:15 Ziggurat
01:41 Tomb of Relics
02:56 Nerubian Tower
04:59 Halls of the Dead
05:45 Ziggurat
07:32 Black Citadel
07:52 Sacrificial Pit
09:53 Boneyard
09:58 Boneyard
09:59 Boneyard
10:47 Ziggurat
10:49 Ziggurat
10:58 Ziggurat
13:45 Spirit Tower
13:53 Spirit Tower
20:09 Ziggurat
» items
| Dust of Appearance | 1 | |
| Rod of Necromancy | 1 | |
| Scroll of Town Portal | 5 | |
| Potion of Healing | 10 | |
| Orb of Corruption | 2 | |
| Potion of Mana | 4 | |
| Scroll of Healing | 5 | |
28 total
Chat log
(00:08 / Allies) dIRTMCWORDUp: tower mains
(00:09 / Allies) iggy_the_fisk: cavernous asses
(00:09 / All) Mata.: Good luck and have fun
(00:13 / All) TALONSAREIMBA: gl
(00:13 / Allies) dIRTMCWORDUp: oj you got me
(00:17 / Allies) Mata.: okay yellow
(00:20 / All) YEAHSHESASSBATS: HI MY NAME IS TALONSAREIMBA
(00:23 / All) YEAHSHESASSBATS: AND I LOSE 6 GHOULS
(00:25 / All) YEAHSHESASSBATS: TO CREEPS
(00:27 / All) dIRTMCWORDUp: huh
(00:39 / All) Mata.: also lose a 1v1 tournament to random forum noobs
(00:44 / All) dIRTMCWORDUp: LMFAO
(00:44 / All) TALONSAREIMBA: nah
(00:47 / All) TALONSAREIMBA: I didn't play my match
(00:53 / All) dIRTMCWORDUp: so you dodge ? ? ?
(00:57 / All) dIRTMCWORDUp: p. sure that is worse
(01:02 / All) iggy_the_fisk: tournament dodge... unheard of
(01:02 / All) Mata.: also too afraid to be humiliated to participate in a 1v1 tournament
(01:12 / All) TALONSAREIMBA: no
(01:17 / All) TALONSAREIMBA: i COULDNT contact q-veta
(01:29 / All) CruelJustice: i have engaged in the consumption of food
(01:30 / All) Mata.: more noobscuses
(01:31 / All) Mata.: more...
(01:38 / All) CruelJustice: performance has been lowered 69%
(01:41 / Allies) dIRTMCWORDUp: plan: lets not lose this game
(01:49 / Allies) Mata.: they're not that good
(01:54 / Allies) dIRTMCWORDUp: oops forgot hero scratch that plan
(01:54 / Allies) iggy_the_fisk: yeah but then what
(02:02 / Allies) iggy_the_fisk: coo
(02:23 / Allies) dIRTMCWORDUp: why do you wiat for mill to be up before you send
(02:24 / Allies) dIRTMCWORDUp: just a q
(02:30 / Allies) Mata.: cause you feed like shit
(02:33 / Allies) Mata.: and i need to make my own lumber
(02:38 / Allies) dIRTMCWORDUp: ummmmmmmmmmm
(02:47 / Allies) Mata.: huntafiend
(03:40 / Allies) dIRTMCWORDUp: get this well
(03:40 / Allies) dIRTMCWORDUp: quick
(03:49 / Allies) dIRTMCWORDUp: ad share
(05:43 / Allies) Mata.: need some gold feed
(05:49 / Allies) Mata.: i gotta get forty fast, these undead know what's up
(06:15 / Allies) dIRTMCWORDUp: im taking this fyui
(07:05 / Allies) Mata.: only ned godl atm
(07:17 / Allies) dIRTMCWORDUp: keep an eye on mid
(07:27 / Allies) Mata.: yeah they could take easily prob
(07:47 / Allies) Mata.: lure yeah
(08:32 / Allies) dIRTMCWORDUp: cancel
(08:32 / Allies) dIRTMCWORDUp: that
(08:33 / Allies) dIRTMCWORDUp: please
(08:36 / Allies) dIRTMCWORDUp: need aowind
(08:44 / Allies) dIRTMCWORDUp: ty
(08:58 / Allies) Mata.: myne
(09:07 / Allies) dIRTMCWORDUp: scout that sh!t
(09:53 / Allies) Mata.: lets try and go up later
(09:59 / Allies) Mata.: these guys will appreciate it no doubt
(10:10 / Allies) dIRTMCWORDUp: yeah they prob wont leave until tis over anyway
(10:22 / Allies) dIRTMCWORDUp: yes
(10:25 / Allies) dIRTMCWORDUp: was just gonna say.
(10:28 / Allies) Mata.: iggy gonna have to do this one
(11:01 / Allies) Mata.: they c:ed mid, dont know what they got
(12:17 / Allies) Mata.: they're great mountaineer races
(12:18 / Allies) Mata.: didnt realize
(12:57 / Allies) dIRTMCWORDUp: lmao
(13:18 / Allies) Mata.: no mana
(13:31 / Allies) Mata.: is overseer
(13:32 / Allies) Mata.: that has items
(13:34 / Allies) Mata.: dragons have none
(13:34 / Allies) dIRTMCWORDUp: ueah
(13:48 / Allies) dIRTMCWORDUp: mana up kill dk
(14:03 / Allies) Mata.: damn
(14:08 / Allies) Mata.: mod woulda been nice
(14:10 / All) TALONSAREIMBA: hero focus
(14:45 / Allies) iggy_the_fisk: gold
(15:03 / Allies) Mata.: woa
(15:09 / Allies) Mata.: cancel all
(15:12 / Allies) Mata.: cancel
(15:12 / Allies) Mata.: all
(15:15 / Allies) dIRTMCWORDUp: does cold effect from wyrm last long enough nope
(15:23 / Allies) dIRTMCWORDUp: more towers at my main please
(16:08 / All) TALONSAREIMBA: you guys yomping?
(16:16 / Allies) dIRTMCWORDUp: fuck
(16:18 / Allies) dIRTMCWORDUp: they got this
(16:24 / All) dIRTMCWORDUp: what the fuck is yomping
(16:58 / Allies) dIRTMCWORDUp: ud jacking the fuck outta me
(17:54 / Allies) Mata.: not good!!!
(19:21 / Allies) Mata.: take your expand
(19:22 / Allies) dIRTMCWORDUp: i was fighting purple noob
(19:28 / Allies) Mata.: i saw
(19:30 / Allies) Mata.: not at your expo tho
(19:32 / All) dIRTMCWORDUp: this is like 40 towers dawg
(19:36 / All) YEAHSHESASSBATS: MY COMP CANT HANDLE IMBA 10000000 TOWERS TT
(19:54 / All) CruelJustice: TOWERS REALLY STEAM MY BISCUITS
(19:59 / Allies) dIRTMCWORDUp: get dust
(20:00 / Allies) dIRTMCWORDUp: please
(20:13 / Allies) Mata.: at yoru shop?
(20:20 / Allies) dIRTMCWORDUp: nm
(20:21 / Allies) dIRTMCWORDUp: she tp
(20:34 / Allies) Mata.: i need lumber
(21:40 / Allies) Mata.: god damn
(21:44 / Allies) Mata.: get truesight already
(21:47 / Allies) Mata.: their shades are slaying us
(22:00 / Allies) iggy_the_fisk: golders
(22:03 / Allies) dIRTMCWORDUp: gonna have to push towers up
(22:16 / Allies) Mata.: i'm oogold
(22:44 / Allies) Mata.: i wanna try to flash this
(22:48 / Allies) Mata.: but we need to kill their shade first
(22:53 / Allies) Mata.: why
(22:54 / Allies) dIRTMCWORDUp: id worry about our own shit first
(22:57 / Allies) Mata.: do you always sucide your fucking bird
(23:12 / Allies) dIRTMCWORDUp: make towers push forward to expo
(23:15 / Allies) dIRTMCWORDUp: hes expanding there btw
(23:34 / Allies) Mata.: you take this
(23:36 / Allies) Mata.: iggy
(23:43 / Allies) Mata.: buy
(23:44 / Allies) iggy_the_fisk: already am
(23:44 / Allies) Mata.: tinies
(23:46 / Allies) Mata.: ebfore my base goes
(24:31 / Allies) Mata.: gone
(24:55 / Allies) dIRTMCWORDUp: gg i guess
(25:03 / Allies) Mata.: dont be a fucking scrub again
(25:08 / Allies) Mata.: clear the mountain
(25:18 / Allies) dIRTMCWORDUp: make some bats
(25:19 / Allies) dIRTMCWORDUp: god damn
(25:31 / Allies) dIRTMCWORDUp: mountain is pointless if we're giving them this gold
(25:42 / Allies) Mata.: your right. we cant win. what is the point.
(25:53 / Allies) Mata.: in other words stop being a noob and prep mountain
(25:55 / Allies) dIRTMCWORDUp: well who knows what you are doing.
(26:05 / Allies) Mata.: god
(26:07 / Allies) Mata.: tab in
(26:08 / Allies) Mata.: please
(26:09 / Allies) Mata.: timb
(26:21 / Allies) dIRTMCWORDUp: thats gone
(26:22 / Allies) Mata.: no
(26:23 / Allies) dIRTMCWORDUp: cant take it
(26:24 / Allies) Mata.: idle in your base bro
(26:33 / Allies) dIRTMCWORDUp: ok let me send single hero
(26:38 / Allies) dIRTMCWORDUp: lets do it
(26:38 / Allies) Mata.: if you had done that
(26:39 / Allies) dIRTMCWORDUp: lets go
(26:44 / Allies) Mata.: yes
(26:52 / Allies) Mata.: my namea timg its important that we send hero AFTER Tower gets up
(27:02 / Allies) dIRTMCWORDUp: towers were already up noob
(27:10 / Allies) Mata.: qq
(27:22 / Allies) iggy_the_fisk: l um
(27:23 / Allies) iggy_the_fisk: lots
(27:23 / Allies) dIRTMCWORDUp: do you plan on making units this game, or just laying blame on everybdoy else
(27:24 / Allies) Mata.: ya towers were up since game started
(27:35 / Allies) Mata.: stop bein so ridiculous
(28:15 / Allies) Mata.: tower this more
(28:36 / Allies) dIRTMCWORDUp: somebody take!
(28:40 / Allies) Mata.: he's proxying it
(28:46 / Allies) dIRTMCWORDUp: you just killed a guy with gold
(28:47 / Allies) dIRTMCWORDUp: you noob
(28:56 / Allies) iggy_the_fisk: well gg then
(29:06 / Allies) dIRTMCWORDUp: need aoe here
(29:35 / Allies) dIRTMCWORDUp: who has tth
(29:41 / Allies) Mata.: i do
(29:41 / Allies) dIRTMCWORDUp: ill get
(29:52 / Allies) dIRTMCWORDUp: put air
(29:53 / Allies) dIRTMCWORDUp: noob
(29:55 / Allies) dIRTMCWORDUp: biggest of all noobs
(30:10 / Allies) Mata.: work this
(30:18 / Allies) Mata.: iggy you're the gold guy atm
(30:21 / Allies) Mata.: i have none
(30:39 / Allies) dIRTMCWORDUp: gimme townhall
(30:45 / Allies) Mata.: okkk
(31:12 / Allies) Mata.: is done
(31:15 / Allies) Mata.: get out of here or they'll see it
(31:49 / Allies) Mata.: bringing some raiders up
(31:53 / Allies) dIRTMCWORDUp: getting mass yad
(31:55 / Allies) dIRTMCWORDUp: since wyrm cant hit
(32:47 / Allies) dIRTMCWORDUp: tp up
(33:30 / Allies) Mata.: yeah potm
(33:53 / Allies) Mata.: green is hoarding gold
(33:57 / Allies) Mata.: and goddamn i bet he's very rich
(34:32 / Allies) iggy_the_fisk: lum
(34:40 / All) YEAHSHESASSBATS: talons lead the expo war with 10k?
(34:40 / Allies) Mata.: hold onto this
(34:42 / Allies) Mata.: for a while
(34:48 / All) TALONSAREIMBA: gg clan towa
(34:49 / All) dIRTMCWORDUp: nah i got 22k
(34:50 / All) TALONSAREIMBA: it was fun
(35:09 / Allies) Mata.: iggy
(35:12 / Allies) Mata.: keep track of your hroes pelase
(35:16 / Allies) Mata.: and buy staves
(35:17 / Allies) iggy_the_fisk: blargh
(35:22 / Allies) iggy_the_fisk: he just popped out
(35:23 / Allies) iggy_the_fisk: to stop decay
(35:27 / Allies) iggy_the_fisk: wasnt even hotkeyed
(35:33 / Allies) Mata.: f3
(35:40 / Allies) dIRTMCWORDUp: tp up nigga
(35:42 / Allies) dIRTMCWORDUp: its prepped
(35:46 / Allies) Mata.: in a min, have to get some units
(35:47 / Allies) Mata.: to bring up
(36:05 / Allies) Mata.: dont clear toooo much
(36:12 / Allies) dIRTMCWORDUp: i aint
(36:40 / Allies) Mata.: drink yo wells nigg
(36:47 / Allies) Mata.: drink yo wells
(36:55 / Allies) dIRTMCWORDUp: i fuckin
(36:55 / Allies) dIRTMCWORDUp: tped
(37:16 / Allies) dIRTMCWORDUp: no
(37:18 / Allies) dIRTMCWORDUp: no
(37:18 / Allies) dIRTMCWORDUp: no
(37:19 / Allies) dIRTMCWORDUp: no
(37:20 / Allies) dIRTMCWORDUp: no
(37:21 / Allies) dIRTMCWORDUp: fucking
(37:22 / Allies) dIRTMCWORDUp: i hit w
(37:26 / Allies) dIRTMCWORDUp: god damnit
(37:31 / Allies) Mata.: haha
(37:35 / Allies) Mata.: sux
(37:45 / Allies) dIRTMCWORDUp: welp
(37:49 / Allies) dIRTMCWORDUp: i got all these yad
(37:50 / Allies) Mata.: kill yad then
(38:10 / Allies) Mata.: bolt the dk
(38:17 / Allies) iggy_the_fisk: mana
(38:48 / Allies) Mata.: need gold
(38:59 / All) TALONSAREIMBA: gg lol
(39:12 / Allies) iggy_the_fisk: where do i tow up here
(39:13 / Allies) iggy_the_fisk: center
(39:15 / Allies) Mata.: i'll tower
(39:43 / Allies) Mata.: igy
(39:49 / Allies) iggy_the_fisk: was
(39:52 / Allies) Mata.: start cranking mad shackler imo
(39:58 / Allies) dIRTMCWORDUp: move raider so i can get on sou side
(40:00 / Allies) dIRTMCWORDUp: souf
(40:07 / Allies) iggy_the_fisk: aight eating the upkeep
(40:18 / Allies) Mata.: get yad again timg
(40:20 / Allies) Mata.: they were a good idea
(40:23 / Allies) dIRTMCWORDUp: yes
(40:24 / Allies) dIRTMCWORDUp: trying
(40:51 / All) CruelJustice: over
(40:51 / All) CruelJustice: over
(40:55 / All) Mata.: ?
(40:57 / All) Mata.: manner up please.
(41:02 / All) CruelJustice: sorry
(41:08 / All) TALONSAREIMBA: your bad
(41:10 / All) TALONSAREIMBA: jesus
(41:13 / All) YEAHSHESASSBATS: IM SO FUCKIUNG LAGGY
(41:33 / Allies) Mata.: be v. v. careful with warden
(41:38 / Allies) Mata.: to not give away perchspot
(41:39 / Allies) dIRTMCWORDUp: fuck
(41:41 / Allies) Mata.: i can give you a tp if you want
(41:45 / Allies) dIRTMCWORDUp: i got 1
(42:54 / Allies) Mata.: yo dont lose dragonhawk now
(42:57 / Allies) Mata.: it may be time to tp up
(43:06 / All) YEAHSHESASSBATS: immune --;;
(43:47 / Allies) dIRTMCWORDUp: how many yad
(43:49 / Allies) dIRTMCWORDUp: getting 24
(44:00 / Allies) Mata.: we can fit about half of that on the perch but sure
(44:33 / Allies) Mata.: does your keyboard
(44:35 / Allies) Mata.: not have an H key?
(44:40 / Allies) Mata.: it's not even that
(44:42 / Allies) Mata.: E
(44:43 / Allies) Mata.: for hold position
(44:53 / Allies) Mata.: you just lost your bloodmage
(44:54 / Allies) Mata.: 2x
(44:56 / Allies) Mata.: except i saved it
(45:25 / Allies) Mata.: tp up
(45:27 / Allies) dIRTMCWORDUp: chimbo gonna be tough
(45:27 / Allies) Mata.: it's ending
(45:40 / Allies) dIRTMCWORDUp: make dhakw
(45:42 / Allies) Mata.: chim garg would be the prob
(45:45 / Allies) Mata.: he has been
(45:53 / All) TALONSAREIMBA: thank you for the 3's at ladder being so bad that we can do this shit and still win
(45:58 / Allies) Mata.: waited too long to tp up
(46:09 / All) Mata.: did u like my vid...
(46:12 / All) TALONSAREIMBA: yeah
(46:14 / All) TALONSAREIMBA: I want to try it
(46:29 / Allies) dIRTMCWORDUp: gonna see if i can take
(47:09 / Allies) Mata.: figght it
(47:11 / Allies) Mata.: toe wins
(47:12 / Allies) Mata.: over tol
(47:17 / Allies) dIRTMCWORDUp: theyll come and kill it
(47:20 / Allies) dIRTMCWORDUp: peeping this
(47:22 / Allies) dIRTMCWORDUp: see
(47:31 / Allies) Mata.: manny
(47:41 / Allies) Mata.: someone else do that
(48:37 / Allies) Mata.: they gotta be all
(48:38 / Allies) Mata.: no no
(48:40 / Allies) Mata.: this is all wrong
(48:42 / Allies) Mata.: where are their units???
(48:49 / Allies) Mata.: i don't wanna end up like fly
(49:42 / Allies) Mata.: do we know what item they got in mid yet?
(49:43 / Allies) Mata.: guessing tome of pwoer
(49:57 / Allies) Mata.: wth.
(50:02 / Allies) Mata.: you coulda mannied another 20 gold there
(50:23 / Allies) dIRTMCWORDUp: this avery tight perch
(50:46 / Allies) Mata.: ya we bought up a lot of ground
(51:03 / Allies) dIRTMCWORDUp: splitting my forces
(51:09 / Allies) dIRTMCWORDUp: one group of yad on top one on elft
(51:23 / Allies) Mata.: current treeline
(51:27 / Allies) Mata.: is approx dnd range
(51:30 / Allies) Mata.: dont clear much more
(51:31 / Allies) dIRTMCWORDUp: yeah
(51:33 / Allies) Mata.: atleast until they find it
(51:34 / Allies) dIRTMCWORDUp: not
(51:45 / Allies) dIRTMCWORDUp: move your caster
(51:46 / Allies) dIRTMCWORDUp: thats tol spot
(52:04 / Allies) dIRTMCWORDUp: ok make room for yad to pass
(52:25 / Allies) Mata.: remember when you were trolling kunt roii
(52:28 / Allies) Mata.: and blocking him with critters
(52:30 / Allies) dIRTMCWORDUp: which time
(52:31 / Allies) dIRTMCWORDUp: haha
(52:32 / Allies) Mata.: DAT was a tight perch
(52:47 / Allies) Mata.: like he needed to get his worker out
(52:49 / Allies) Mata.: to build a farm
(52:50 / Allies) Mata.: to res his heroes
(52:55 / Allies) Mata.: except his worker was surrounded by critts
(53:00 / Allies) dIRTMCWORDUp: yeah
(53:07 / Allies) dIRTMCWORDUp: so close to 5
(53:13 / Allies) Mata.: or was it critters? i emember it being something like that but why would we have critts on the perch
(53:20 / Allies) dIRTMCWORDUp: beachside manor
(53:22 / Allies) iggy_the_fisk: to block
(53:25 / Allies) dIRTMCWORDUp: beachside manner ? ? ?
(53:31 / Allies) dIRTMCWORDUp: i think somebody make shop
(53:32 / Allies) dIRTMCWORDUp: for dhawk
(53:39 / Allies) dIRTMCWORDUp: and i had like 15k gold
(53:40 / All) Mata.: how are U guys
(53:42 / Allies) dIRTMCWORDUp: so i just buy critter
(53:43 / Allies) dIRTMCWORDUp: to troll
(53:49 / All) Mata.: talons remember when you said i'd be eliminated in 2nd round of tourn
(54:05 / Allies) dIRTMCWORDUp: they are in hoard massive gold mode
(54:16 / Allies) iggy_the_fisk: before they're even looking
(54:19 / Allies) iggy_the_fisk: serious
(54:19 / Allies) Mata.: an excellent plan
(54:25 / Allies) Mata.: well they've seen perch reps
(54:28 / Allies) dIRTMCWORDUp: guy got lot of expo
(54:33 / Allies) Mata.: no cloud XX
(54:41 / Allies) iggy_the_fisk: luxury
(54:46 / Allies) Mata.: cost like 50/100
(54:52 / Allies) dIRTMCWORDUp: chim can max range us
(55:06 / Allies) Mata.: they always can
(55:12 / Allies) Mata.: but shackels will engage
(55:20 / Allies) Mata.: and if it gets a problem like if they push us inland we can start snaring
(55:25 / Allies) dIRTMCWORDUp: when they kill our towers they gotta go inland yeah
(55:32 / Allies) dIRTMCWORDUp: that is where yad and raider are good
(55:38 / Allies) Mata.: they need to like
(55:42 / Allies) Mata.: well they can drop infernals up here
(55:51 / Allies) dIRTMCWORDUp: that shit would die mega fast
(56:00 / Allies) Mata.: in the current state of the perch yes
(56:06 / Allies) Mata.: but who knows
(56:10 / All) Mata.: shit
(56:11 / All) Mata.: our last building
(56:12 / All) Mata.: gg
(56:25 / Allies) Mata.: need lumbre
(56:30 / All) YEAHSHESASSBATS: HI
(56:34 / All) dIRTMCWORDUp: huh
(56:44 / Allies) Mata.: this perch not all that ghetto considering the conditions of this game
(57:08 / Allies) dIRTMCWORDUp: get ready to shakcle chim
(57:14 / Allies) dIRTMCWORDUp: they wont have eough aa if they do it early
(57:15 / Allies) Mata.: did you see them find?
(57:21 / Allies) dIRTMCWORDUp: pinko said hi
(57:27 / Allies) Mata.: yeah but that's not conclusive
(57:35 / Allies) Mata.: they typically run their shit into towers upon first detection
(57:39 / Allies) dIRTMCWORDUp: these yad placed very well
(57:44 / Allies) Mata.: disciplined yad
(57:46 / Allies) dIRTMCWORDUp: these not so well
(58:03 / Allies) dIRTMCWORDUp: these yads chilling on a hill side
(58:14 / Allies) dIRTMCWORDUp: spinning they spears and shit
(58:20 / Allies) Mata.: someone could get hurt probly
(58:30 / Allies) Mata.: iggy
(58:32 / Allies) Mata.: you got truesight???
(58:36 / Allies) iggy_the_fisk: yea
(58:41 / Allies) Mata.: make some detection toers
(58:42 / Allies) Mata.: somewhere
(58:44 / Allies) dIRTMCWORDUp: make a yarcane
(58:54 / All) CruelJustice: WERE MNGLOIAD
(58:55 / Allies) Mata.: not too far out
(59:04 / Allies) Mata.: arc towers die fast to frostey
(59:07 / Allies) Mata.: sure
(59:07 / Allies) Mata.: imho
(59:22 / Allies) dIRTMCWORDUp: remember when wards had collision size
(59:29 / Allies) Mata.: yeah, shades did too back then
(59:34 / Allies) dIRTMCWORDUp: yeah
(59:36 / Allies) dIRTMCWORDUp: 4v4 rt was fu
(59:38 / Allies) dIRTMCWORDUp: n
(59:40 / Allies) Mata.: i still don't think you can place buildings on top of shades/wards
(59:42 / Allies) dIRTMCWORDUp: just surrounding people with shade
(59:45 / Allies) dIRTMCWORDUp: they like what the heck
(59:48 / Allies) dIRTMCWORDUp: you can with wards
(59:50 / Allies) dIRTMCWORDUp: idk about shade
(59:51 / All) YEAHSHESASSBATS: ?
(59:55 / Allies) Mata.: that used to be a good way to find invisibles tho you could bring up place building thing
(59:57 / All) dIRTMCWORDUp: huh
(59:58 / Allies) Mata.: and just run it everywhere
(60:01 / Allies) Mata.: until you find red square
(60:01 / Allies) dIRTMCWORDUp: yeah
(60:03 / All) YEAHSHESASSBATS: WHERE R U ;D
(60:11 / All) dIRTMCWORDUp: in ur mamma vagina
(60:15 / All) YEAHSHESASSBATS: TT?
(60:20 / All) dIRTMCWORDUp: titties yes
(60:36 / Allies) Mata.: if they really havent found us
(60:39 / Allies) dIRTMCWORDUp: i only got 4490g
(60:41 / Allies) Mata.: this is like the longest perchsearch
(60:57 / Allies) iggy_the_fisk: lum
(61:10 / Allies) iggy_the_fisk: purp should mine more
(61:17 / Allies) iggy_the_fisk: not that green guy
(61:40 / All) Mata.: yo does anyone in this game own a horse
(61:41 / Allies) dIRTMCWORDUp: pinko got no expo
(61:44 / All) Mata.: i freakin love horses
(61:45 / All) CruelJustice: ..
(61:46 / All) YEAHSHESASSBATS: ya
(61:46 / All) CruelJustice: me
(61:46 / Allies) dIRTMCWORDUp: i hope they been feeding them all gmae
(61:48 / All) YEAHSHESASSBATS: ur mom
(61:50 / All) CruelJustice: my uncles
(61:50 / All) YEAHSHESASSBATS: i ride her
(61:51 / All) CruelJustice: farm
(61:52 / All) YEAHSHESASSBATS: all night
(61:53 / Allies) iggy_the_fisk: double taxation
(61:57 / All) Mata.: manner up please
(61:59 / All) Mata.: that was very rude
(62:01 / All) dIRTMCWORDUp: what kind of horse purple.
(62:06 / All) CruelJustice: idk their brown
(62:14 / All) CruelJustice: they just loiter around
(62:14 / All) dIRTMCWORDUp: is it a boy or a girl how old
(62:15 / All) YEAHSHESASSBATS: just like how i didnt say anything all game
(62:17 / All) CruelJustice: in his farm
(62:17 / All) Mata.: hell yeah
(62:20 / All) CruelJustice: he gave me one
(62:21 / All) YEAHSHESASSBATS: and he says my mom's vagina
(62:22 / All) YEAHSHESASSBATS: right?
(62:25 / All) YEAHSHESASSBATS: manner u
(62:30 / All) dIRTMCWORDUp: charlie is a sweet name for a horse
(62:33 / All) Mata.: man if i was a horse i'd loiter and take it so freakin easy
(62:36 / All) CruelJustice: ty
(62:36 / All) dIRTMCWORDUp: yo purple why is your ally being so mean
(62:41 / All) CruelJustice: idk
(62:42 / All) Mata.: thats kinda what i do right now except i'm not really a horse
(62:46 / All) dIRTMCWORDUp: we are just chilling you know
(62:51 / All) dIRTMCWORDUp: no need to be so hostile
(62:53 / All) Mata.: yo purple tell your ally to manner up....words can hurt
(63:00 / All) CruelJustice: allies
(63:04 / All) CruelJustice: stop bad manner
(63:07 / All) YEAHSHESASSBATS: IF YOU KIDS WERE MANNERED
(63:09 / All) YEAHSHESASSBATS: YOU WOULD OF LEFT
(63:10 / All) dIRTMCWORDUp: guys if you were a horse/ what color would you be and also what would your name be
(63:12 / All) YEAHSHESASSBATS: WHEN YOU GOT RAPED
(63:22 / All) dIRTMCWORDUp: i would be a light chestnut brown and my name would be frederick
(63:23 / All) CruelJustice: wekll
(63:29 / All) CruelJustice: i would be a jet black horse
(63:38 / All) Mata.: i would be horsimus maximvs king of horses and i would be every color of da rainbow
(63:39 / All) CruelJustice: named something very intimidating
(63:42 / Allies) dIRTMCWORDUp: shackle
(63:45 / Allies) Mata.: bit late
(63:58 / All) YEAHSHESASSBATS: how did u get there?
(64:02 / All) Mata.: we yomped...
(64:02 / Allies) iggy_the_fisk: yep
(64:03 / All) dIRTMCWORDUp: is your name "something very intimidating" or is that just the idea behind it and you haven't decided yet
(64:07 / Allies) iggy_the_fisk: long perchsearch
(64:12 / All) CruelJustice: idea
(64:15 / All) dIRTMCWORDUp: ic
(64:24 / All) dIRTMCWORDUp: we should figure out a name for you before this game is over
(64:34 / All) Mata.: the way it looks atm we have a lot of time
(64:36 / All) Mata.: to think it over
(65:18 / Allies) Mata.: shackel it
(65:19 / All) dIRTMCWORDUp: maybe your name is timothy gastrok, a name that strikea fear into the hearts of mortals
(65:28 / Allies) dIRTMCWORDUp: wowzzzzeee
(65:29 / Allies) Mata.: yo be on ball w/ shackler
(65:29 / Allies) dIRTMCWORDUp: 100 wyrm
(65:33 / Allies) Mata.: really
(65:38 / Allies) dIRTMCWORDUp: is like million man mrch but with wyrm
(65:39 / Allies) Mata.: get the fuck out
(65:40 / Allies) Mata.: goooddd
(65:41 / Allies) Mata.: nooo
(65:41 / Allies) Mata.: noo
(65:42 / Allies) Mata.: no
(65:43 / Allies) dIRTMCWORDUp: b
(65:43 / Allies) dIRTMCWORDUp: b
(65:44 / Allies) dIRTMCWORDUp: b
(65:44 / Allies) dIRTMCWORDUp: b
(65:46 / Allies) Mata.: nooo
(65:46 / Allies) Mata.: re
(65:51 / Allies) Mata.: dont shackle over land
(65:53 / Allies) Mata.: why would you do that
(65:58 / Allies) Mata.: shackle them when they fly over water
(66:12 / Allies) iggy_the_fisk: it was a cool snipe k
(66:16 / Allies) iggy_the_fisk: then they flew back for no reason
(66:19 / Allies) Mata.: haha
(66:20 / Allies) Mata.: gargs
(66:22 / Allies) Mata.: or fiend????
(66:26 / Allies) Mata.: because you don't hold pos..
(66:33 / Allies) iggy_the_fisk: also he's doing half their mining
(66:40 / Allies) Mata.: yo deforest some shit
(66:41 / Allies) dIRTMCWORDUp: he has 12 wyrm
(66:50 / Allies) Mata.: why keep your shit so far away
(66:51 / Allies) Mata.: they have no aa
(66:52 / Allies) dIRTMCWORDUp: killing wyrms
(66:59 / Allies) Mata.: they want gargs then
(67:00 / Allies) dIRTMCWORDUp: this mad funny
(67:05 / Allies) dIRTMCWORDUp: gargs and chim
(67:08 / Allies) dIRTMCWORDUp: sigh;;;;;;;;;
(67:15 / Allies) dIRTMCWORDUp: 5x7
(67:16 / Allies) dIRTMCWORDUp: 35
(67:18 / Allies) dIRTMCWORDUp: 2 heroes
(67:19 / Allies) dIRTMCWORDUp: 45
(67:23 / Allies) dIRTMCWORDUp: well hes at least in low
(67:33 / Allies) Mata.: siege on the ledge
(67:36 / Allies) Mata.: watch yad
(67:46 / Allies) dIRTMCWORDUp: cant hit
(67:52 / Allies) dIRTMCWORDUp: beisdes all my guys are holding
(67:54 / All) YEAHSHESASSBATS: K ALT TABBING AND LETTING TALONS
(67:55 / All) YEAHSHESASSBATS: WIN
(67:56 / All) YEAHSHESASSBATS: LOL
(68:03 / All) Mata.: we win then...
(68:07 / All) dIRTMCWORDUp: are you sure that is what you want to do
(68:12 / All) Mata.: talons you have been awe fully quiet
(68:13 / All) YEAHSHESASSBATS: IM ON A SMURF
(68:17 / All) YEAHSHESASSBATS: I DONT REALLY CARE LOL
(68:20 / All) TALONSAREIMBA: how did you win
(68:23 / All) TALONSAREIMBA: when I have around 20k
(68:30 / All) dIRTMCWORDUp: obviously, you guys really cant win once you past like 200 games played
(68:37 / All) TALONSAREIMBA: you're bad idiot
(68:38 / All) dIRTMCWORDUp: because i went up with 30k : - )
(68:39 / All) TALONSAREIMBA: christ.
(68:47 / All) TALONSAREIMBA: right you had 30k gold
(68:49 / All) Mata.: wow. that is extremely bad manner.
(68:51 / All) dIRTMCWORDUp: lmao, all you guys can do is mass air gimmick its cute
(68:55 / All) TALONSAREIMBA: right
(68:58 / All) dIRTMCWORDUp: come back when you hit 100 apm, mmkay?
(68:59 / All) TALONSAREIMBA: Mcwordup you aren't good
(69:00 / All) TALONSAREIMBA: jesus christ
(69:01 / All) YEAHSHESASSBATS: 1st you talk about manner
(69:02 / All) YEAHSHESASSBATS: and 2
(69:03 / All) dIRTMCWORDUp: lmfao
(69:06 / All) TALONSAREIMBA: YOU DONT HIT 100 APM EVER
(69:07 / All) TALONSAREIMBA: IDIOT
(69:10 / All) dIRTMCWORDUp: nope i hit 200 sorry
(69:11 / All) YEAHSHESASSBATS: we mass air and you didnt right?
(69:18 / All) TALONSAREIMBA: OH MY GOD WHAT AIR DO WE HAVE
(69:20 / All) CruelJustice: asl guys?
(69:21 / All) TALONSAREIMBA: OH FROSTIES?1
(69:23 / All) TALONSAREIMBA: LEARN TO PLAY ROFL
(69:27 / All) iggy_the_fisk: only win because of airgimmick...
(69:29 / All) dIRTMCWORDUp: says guy who plays undead LOL!
(69:31 / All) iggy_the_fisk: Learn to play with skill please
(69:31 / All) TALONSAREIMBA: RIGHT
(69:33 / All) TALONSAREIMBA: LOL
(69:34 / All) TALONSAREIMBA: LOL
(69:38 / All) YEAHSHESASSBATS: says the guy who randomed ud
(69:39 / All) YEAHSHESASSBATS: rofle
(69:41 / All) YEAHSHESASSBATS: noob
(69:45 / All) CruelJustice: im ud!
(69:55 / All) dIRTMCWORDUp: its hilarious how you guys play race that takes 0 skill and still lose! LOL
(69:57 / Allies) Mata.: lol
(70:02 / Allies) dIRTMCWORDUp: PLEASE DONT iggy oops caps
(70:11 / Allies) Mata.: dont greed of the noob us
(70:11 / All) YEAHSHESASSBATS: WHAT?
(70:15 / All) dIRTMCWORDUp: huh
(70:19 / Allies) dIRTMCWORDUp: yes
(70:22 / All) YEAHSHESASSBATS: if you think
(70:23 / Allies) dIRTMCWORDUp: let them make mistakes not us
(70:49 / Allies) dIRTMCWORDUp: you deforest imo
(70:52 / Allies) dIRTMCWORDUp: i aint risking my tol
(70:54 / All) Mata.: the reason we won
(70:56 / All) Mata.: is cause
(71:03 / All) TALONSAREIMBA: you didn't win
(71:05 / All) TALONSAREIMBA: you CANT win
(71:08 / All) Mata.: all we set out to do was spend time with legendary superstar TALONSAREIMBA
(71:10 / All) Mata.: so in that way
(71:11 / All) Mata.: we have already won
(71:21 / All) dIRTMCWORDUp: dang, i have never heard that one before
(71:29 / All) dIRTMCWORDUp: ok guys lets call it quits, we cant win
(71:39 / All) CruelJustice: ?
(71:41 / All) CruelJustice: tt
(71:44 / All) CruelJustice: i lost?:...(
(71:45 / All) dIRTMCWORDUp: heres how it is going down: you attack and lose all your air
(71:46 / All) YEAHSHESASSBATS: why do you guys talk about manner lol
(71:50 / All) TALONSAREIMBA: Yeah
(71:54 / All) TALONSAREIMBA: Im massing chims as we speak
(71:54 / All) YEAHSHESASSBATS: heres how its going down
(72:00 / All) YEAHSHESASSBATS: we mass 100 food chippo
(72:02 / All) YEAHSHESASSBATS: breath
(72:04 / All) YEAHSHESASSBATS: then
(72:09 / All) Mata.: shut up faggot noob piece of **** mother fucker i have gosu manner all the time so dont talk shit?
(72:10 / All) YEAHSHESASSBATS: u shackle
(72:11 / All) YEAHSHESASSBATS: snare
(72:13 / All) YEAHSHESASSBATS: w/e u want
(72:14 / All) dIRTMCWORDUp: buh bye
(72:14 / All) YEAHSHESASSBATS: then we
(72:16 / All) YEAHSHESASSBATS: like
(72:25 / All) YEAHSHESASSBATS: send in the mass hippos rape ur dgays
(72:26 / All) dIRTMCWORDUp: then you lose all air because you cant micro for shit
(72:29 / All) YEAHSHESASSBATS: rofle
(72:43 / All) YEAHSHESASSBATS: you act like i have the best comp in the world
(72:44 / All) YEAHSHESASSBATS: lol
(72:48 / All) TALONSAREIMBA: you cant theorycraft
(72:49 / All) TALONSAREIMBA: at all kids
(72:52 / All) Mata.: ya that's how we act
(72:53 / All) TALONSAREIMBA: you suck at this game
(72:54 / All) TALONSAREIMBA: period
(72:54 / All) dIRTMCWORDUp: its not theory
(72:56 / All) dIRTMCWORDUp: is future
(73:04 / All) Mata.: fuckin futurecraft how badass is dat
(73:04 / All) TALONSAREIMBA: no its because you play low ell 3's at
(73:06 / All) dIRTMCWORDUp: nice try tho
(73:07 / All) TALONSAREIMBA: and think you're good
(73:10 / All) YEAHSHESASSBATS: l2English
(73:11 / All) dIRTMCWORDUp: lmao
(73:14 / All) Mata.: so are you guys our low ell enemies|
(73:24 / All) dIRTMCWORDUp: i play like this because is boring owning noobs in real game
(73:26 / All) YEAHSHESASSBATS: talons is lol
(73:28 / All) TALONSAREIMBA: assbats is abused
(73:40 / All) dIRTMCWORDUp: how many games can i execute perfect micro and win while still keeping it entertaining
(73:53 / All) Mata.: hehe gonna be pretty humiliating losing to us jus fuckin around it hink
(74:15 / All) YEAHSHESASSBATS: 1 u cant execute perfect micro rofle
(74:19 / All) YEAHSHESASSBATS: 2 u cant win standard lol
(74:21 / All) iggy_the_fisk: rolf
(74:23 / All) dIRTMCWORDUp: lmao
(74:25 / All) dIRTMCWORDUp: 1v1 pink.
(74:28 / All) dIRTMCWORDUp: please
(74:28 / All) YEAHSHESASSBATS: k
(74:32 / All) Mata.: no i want to 1v1...
(74:33 / All) dIRTMCWORDUp: id like to take big shit all over you
(74:33 / All) YEAHSHESASSBATS: when u lose this game
(74:34 / All) YEAHSHESASSBATS: lol
(74:49 / All) dIRTMCWORDUp: just keep your mouth open wide, i ate a lot ok
(74:56 / All) YEAHSHESASSBATS: LOL
(74:59 / All) Mata.: i pretty much only signed up for that gay forums tourn to own noobs like talons then he got elimed before i got a chance
(75:00 / All) CruelJustice: :D
(75:04 / All) CruelJustice: tjat was actually funny
(75:07 / All) TALONSAREIMBA: I didn't get elimed idiot
(75:09 / All) TALONSAREIMBA: I didn't play my match
(75:11 / All) Mata.: so 1v1
(75:12 / All) TALONSAREIMBA: and they omitted me
(75:12 / All) Mata.: after this or what
(75:16 / All) dIRTMCWORDUp: because you dodge
(75:18 / All) YEAHSHESASSBATS: PRETTY FUNNY HOW THE KIDS WHO PRIASE MANNER ALL GAME
(75:19 / All) dIRTMCWORDUp: because you noob
(75:21 / All) TALONSAREIMBA: I didn't dodge
(75:23 / All) YEAHSHESASSBATS: TALK THE MOST SHIT
(75:24 / All) YEAHSHESASSBATS: LOL
(75:38 / All) iggy_the_fisk: Is not shit is just truth...
(75:54 / All) Mata.: yo shesassbats who are you
(76:05 / All) YEAHSHESASSBATS: your mom
(76:12 / All) Mata.: probably some nobody scrub
(76:16 / All) Mata.: But still going to be hilarious
(76:20 / All) Mata.: when you get owned
(76:21 / All) YEAHSHESASSBATS: lul
(76:22 / Allies) iggy_the_fisk: how long does it take to get 100 food air with three crypts
(76:29 / All) YEAHSHESASSBATS: so
(76:29 / All) dIRTMCWORDUp: i bet it is that nigger in clan bzrk
(76:30 / Allies) iggy_the_fisk: chri
(76:32 / All) YEAHSHESASSBATS: where r we meeting
(76:34 / Allies) dIRTMCWORDUp: 5 minutes
(76:36 / All) YEAHSHESASSBATS: after this game
(76:37 / All) CruelJustice: tourny
(76:37 / All) dIRTMCWORDUp: lmao
(76:40 / All) dIRTMCWORDUp: fuckin slaves
(76:41 / All) CruelJustice: is gonna start!
(76:59 / All) Mata.: ya tourn in 4 min
(77:07 / All) dIRTMCWORDUp: you guys ever notice that dryads got some nice titties
(77:07 / All) Mata.: was gonna get my dguard icon tonight but this is more important
(77:10 / All) iggy_the_fisk: bzrk gonna win...
(77:11 / All) YEAHSHESASSBATS: TT
(77:25 / Allies) Mata.: yeah they got a butload
(77:27 / All) dIRTMCWORDUp: LOL
(77:34 / All) dIRTMCWORDUp: LAUGHING MY fat ASS OFF
(77:39 / Allies) iggy_the_fisk: did they attack anything
(77:41 / Allies) Mata.: na
(77:42 / All) CruelJustice: :D
(77:46 / All) dIRTMCWORDUp: did you even hit anything
(78:16 / All) YEAHSHESASSBATS: K
(78:20 / All) YEAHSHESASSBATS: TOO BORED
(78:23 / All) YEAHSHESASSBATS: TO KEEP DOING THIS
(78:26 / All) YEAHSHESASSBATS: ILL COME BACK
(78:27 / All) YEAHSHESASSBATS: TOMORROW
(78:32 / All) YEAHSHESASSBATS: IF ONE OF YOU GUYS LEAVE
(78:33 / All) dIRTMCWORDUp: ok noob bye
(78:33 / All) YEAHSHESASSBATS: AND THEN
(78:35 / All) iggy_the_fisk: see you in 5 minutes
(78:42 / All) YEAHSHESASSBATS: U BETTER COME DOWN
(78:45 / All) dIRTMCWORDUp: hey look @ me, talking in caps because i got 0 skill
(78:45 / All) YEAHSHESASSBATS: AND FIGHT
(78:47 / All) CruelJustice: clan t64
(78:50 / All) YEAHSHESASSBATS: HEY LOOK AT ME
(78:54 / All) Mata.: clan t64 i c
(78:54 / All) YEAHSHESASSBATS: I TALK MANNER ALL GAME
(78:56 / All) YEAHSHESASSBATS: AND THEN
(78:57 / All) CruelJustice: talons is bad
(78:59 / All) CruelJustice: :D
(78:59 / All) YEAHSHESASSBATS: TALK SHIT LOL
(79:02 / All) dIRTMCWORDUp: huh
(79:03 / All) Mata.: gimme real acc name dont hide behind smurf pleaze
(79:04 / All) CruelJustice: STFU TALONS
(79:09 / All) dIRTMCWORDUp: you all are bad, except maybe purple
(79:11 / All) CruelJustice: TALONS FUCK URSELF
(79:16 / All) Mata.: i know you're very ashamed of this loss
(79:18 / All) Mata.: but really
(79:24 / All) Mata.: what is real acc i want to put you on owned list
(79:47 / Allies) dIRTMCWORDUp: idiot
(80:21 / Allies) dIRTMCWORDUp: keep choppin dem trees boy
(80:26 / Allies) Mata.: kind of rsiky
(80:41 / Allies) dIRTMCWORDUp: watch coil nova
(80:44 / Allies) Mata.: ya
(81:02 / Allies) dIRTMCWORDUp: move
(81:02 / Allies) dIRTMCWORDUp: move
(81:08 / Allies) dIRTMCWORDUp: you got no yad support
(81:09 / Allies) dIRTMCWORDUp: careufl
(81:16 / Allies) dIRTMCWORDUp: stop no more shackle until dnd over
(81:38 / Allies) iggy_the_fisk: rest assured
(81:40 / Allies) iggy_the_fisk: 0 hawks lost
(81:42 / Allies) iggy_the_fisk: is so lucky
(81:45 / Allies) Mata.: nice
(81:46 / Allies) dIRTMCWORDUp: lost one yad
(81:55 / Allies) Mata.: nothing lost yet
(81:55 / Allies) iggy_the_fisk: i have no idea i'm just clickin a lot
(81:57 / Allies) iggy_the_fisk: right mouse n z
(81:59 / All) YEAHSHESASSBATS: DID TALONS LOSE ALL HIS CHIMS?
(82:00 / Allies) dIRTMCWORDUp: can we get kodo over here
(82:03 / Allies) dIRTMCWORDUp: above my wisp mayb
(82:06 / Allies) Mata.: ok
(82:26 / All) dIRTMCWORDUp: LOL! carrion swarm doesnt hit dryad
(82:27 / Allies) Mata.: i like their gay ass carrion swarm
(82:31 / All) YEAHSHESASSBATS: t_t?
(82:39 / All) YEAHSHESASSBATS: bored lol
(82:41 / All) dIRTMCWORDUp: damn pinko you got a lot to learn about this game
(82:48 / All) YEAHSHESASSBATS: :(
(82:50 / All) dIRTMCWORDUp: i promise
(82:58 / All) CruelJustice: im the big man
(83:03 / All) CruelJustice: i think ill leave
(83:06 / All) CruelJustice: for we have lost
(83:08 / Allies) dIRTMCWORDUp: let me shackle
(83:11 / Allies) dIRTMCWORDUp: trust me
(83:12 / Allies) dIRTMCWORDUp: i go tdis
(83:15 / Allies) iggy_the_fisk: it's on u
(83:16 / All) CruelJustice: gg oys and girls
(83:18 / All) Mata.: g
(83:19 / All) CruelJustice: boys*
(83:25 / All) dIRTMCWORDUp: gg purple
(83:27 / All) CruelJustice:
(83:36 / All) Mata.: in a few more hours
(83:39 / All) Mata.: your allies will be just like you
(83:43 / Allies) iggy_the_fisk: night time is the worst time
(83:45 / All) dIRTMCWORDUp: its da terror of knowning what thisworld is about...............
(83:46 / All) Mata.: except they'll have wasted a few more hours i guess
(83:55 / Allies) iggy_the_fisk: what the shit was that
(84:01 / Allies) Mata.: my stasis went off
(84:06 / All) dIRTMCWORDUp: you finally realize
(84:08 / Allies) iggy_the_fisk: yea
(84:10 / All) dIRTMCWORDUp: how terrifying this is.
(84:13 / Allies) iggy_the_fisk: more importantly
(84:15 / Allies) iggy_the_fisk: what was HE doing
(84:19 / Allies) dIRTMCWORDUp: trying to lure
(84:21 / Allies) Mata.: they're greed of the noobing
(84:23 / Allies) dIRTMCWORDUp: but i was quick on the shackle
(84:31 / Allies) dIRTMCWORDUp: when they do that shit
(84:34 / Allies) dIRTMCWORDUp: send one shackler
(84:35 / Allies) iggy_the_fisk: i hit shackle it was mine that clicked imo
(84:39 / Allies) dIRTMCWORDUp: and stop
(84:40 / Allies) dIRTMCWORDUp: if garg come
(84:47 / Allies) Mata.: i send out raider also
(84:48 / Allies) iggy_the_fisk: ye
(84:49 / Allies) Mata.: so you know
(84:54 / Allies) Mata.: they have multiple factors workin against em
(84:56 / Allies) dIRTMCWORDUp: raider is such ownage
(85:02 / Allies) dIRTMCWORDUp: if there isnt clear path under them
(85:06 / Allies) dIRTMCWORDUp: it just drops them at raider
(85:11 / Allies) Mata.: hehe yea i know
(85:11 / All) CruelJustice: my allies wont allow me
(85:12 / Allies) Mata.: is pretty gay
(85:15 / All) CruelJustice: to leavesors!
(85:16 / Allies) dIRTMCWORDUp: so chim falls down 15 feet away
(85:26 / All) Mata.: "purple if u leave... u will be kicked out of our random shitty 4v4 at clan forever...."
(85:27 / All) dIRTMCWORDUp: its ok purple i respect you.
(85:30 / All) dIRTMCWORDUp: my equestrian buddy
(85:38 / All) CruelJustice: :D
(85:40 / All) TALONSAREIMBA: mata you're an idiot
(85:40 / All) CruelJustice: <3 horsies
(85:43 / All) TALONSAREIMBA: hes not a 4v4 player
(85:51 / All) Mata.: what clan are youin now talons
(85:57 / All) dIRTMCWORDUp: yeah to be a 4v4 player you probably gotta be really bad!
(85:57 / All) TALONSAREIMBA: clan towa
(86:08 / All) Mata.: clan towa is the only good clan on this server i doubt they'd let you in
(86:13 / All) Mata.: no maner
(86:24 / Allies) dIRTMCWORDUp: use hold position
(86:25 / Allies) dIRTMCWORDUp: god
(86:26 / Allies) dIRTMCWORDUp: damn
(86:28 / All) iggy_the_fisk: manner breeds skill
(86:29 / Allies) dIRTMCWORDUp: its there for a raisin
(86:31 / All) Mata.: clan towa is pretty big on the manner you see
(86:35 / Allies) dIRTMCWORDUp: luring again
(86:41 / Allies) iggy_the_fisk: I am but there were wyrms there??
(86:46 / Allies) iggy_the_fisk: so i went for it
(86:47 / Allies) iggy_the_fisk: then didnt
(86:56 / All) CruelJustice: :D
(87:15 / Allies) dIRTMCWORDUp: didnt tech armor
(87:16 / Allies) dIRTMCWORDUp: noob
(87:19 / Allies) Mata.: keks
(87:23 / All) dIRTMCWORDUp: thanks for clearing trees
(87:26 / All) dIRTMCWORDUp: more room for us
(87:32 / Allies) Mata.: dont tell em
(87:33 / All) dIRTMCWORDUp: id send some guys but didnt want them to die maybe
(87:38 / Allies) Mata.: well they're probably too stuborn
(87:39 / Allies) Mata.: to stop
(87:44 / Allies) dIRTMCWORDUp: yeah
(87:46 / Allies) dIRTMCWORDUp: they are
(87:52 / Allies) Mata.: he was hitting your yad
(87:57 / Allies) dIRTMCWORDUp: yes
(88:05 / All) dIRTMCWORDUp: clear the south trees
(88:06 / All) Mata.: tourn signups end in 20 min
(88:07 / All) dIRTMCWORDUp: that fucks us up
(88:09 / All) dIRTMCWORDUp: it gets real tight
(88:11 / All) dIRTMCWORDUp: ty
(88:12 / All) YEAHSHESASSBATS: k
(88:12 / All) Mata.: time is runnin out bro
(88:33 / Allies) iggy_the_fisk: dreadlord
(88:34 / Allies) iggy_the_fisk: master droper
(88:35 / Allies) dIRTMCWORDUp: no blink dagger
(88:44 / Allies) dIRTMCWORDUp: oprb of frost i think
(88:46 / Allies) dIRTMCWORDUp: they got from mid
(88:51 / Allies) Mata.: or tome of power
(88:52 / Allies) Mata.: or something
(88:55 / Allies) Mata.: i don't know, i looked for blink dagg
(88:57 / Allies) dIRTMCWORDUp: tome doesnt drop from mid
(88:58 / Allies) Mata.: but didnt see one
(89:04 / Allies) Mata.: the
(89:22 / Allies) Mata.: those liches gonna nuke the shit out of my raider
(89:28 / Allies) dIRTMCWORDUp: yeah
(89:34 / All) dIRTMCWORDUp: which is your favorite name for a lich
(89:41 / All) Mata.: it's kryptikk soulslayer
(89:42 / All) Mata.: btw
(89:43 / All) Mata.: is best name
(89:46 / All) dIRTMCWORDUp: no fucking way
(89:59 / All) iggy_the_fisk: do you ever get demon hunter
(90:00 / All) dIRTMCWORDUp: ok how about a hero i know all the names
(90:01 / All) iggy_the_fisk: see it's darkterror
(90:03 / All) iggy_the_fisk: and just quit?
(90:14 / All) Mata.: darkterror aint that bad, i mean he's no painkiller
(90:15 / All) dIRTMCWORDUp: how do you guys feel about keeper of the grove, what is your favorite name
(90:22 / All) YEAHSHESASSBATS: SO HOW DO YOU PLAN TO WIN
(90:24 / All) dIRTMCWORDUp: i could probably list ever name in order from best to worst
(90:25 / Allies) Mata.: ok for kotg there's actually only 1 right answer
(90:26 / All) YEAHSHESASSBATS: DONT LEAVE
(90:37 / All) dIRTMCWORDUp: bandalar, oghma, rest are shit
(90:38 / All) Mata.: i'm googling for disc hack now
(90:44 / All) Mata.: i estimate you have 15 minutes before i find it...
(90:47 / All) iggy_the_fisk: it's tricky u see
(90:48 / All) dIRTMCWORDUp: ceredwyn is at bottom
(90:53 / All) Mata.: or nandieb sucks too
(90:54 / All) dIRTMCWORDUp: larodar is middle maybe
(90:55 / All) iggy_the_fisk: they always leave when they find perch..
(91:01 / All) iggy_the_fisk: now we dunno
(91:05 / All) dIRTMCWORDUp: yeah nandieb and ceredwyn fighting valiantly for worst spot
(91:11 / All) Mata.: we've never had to deal with people that stay... it's unknown to us
(91:22 / All) Mata.: we tryin to come up with new strat but we really dug a hole for ourselves with this stupid island base strat
(91:24 / Allies) dIRTMCWORDUp: oghma is pretty tight name really
(91:31 / Allies) dIRTMCWORDUp: hed be solid number 1 if not for bandalar
(91:35 / All) iggy_the_fisk: i fucking told you
(91:40 / All) iggy_the_fisk: should have made headhunter
(91:43 / All) dIRTMCWORDUp: how about paladins
(91:53 / All) dIRTMCWORDUp: i think for paladin i would have to choose morlune the mighty
(91:53 / All) Mata.: we should have kept the zeppelin we used to gt up here
(91:57 / All) Mata.: now we cant get to zep shop
(92:31 / Allies) dIRTMCWORDUp: get ready to shackle
(92:44 / Allies) Mata.: nada
(92:45 / Allies) Mata.: surf
(92:47 / Allies) dIRTMCWORDUp: a little 2 quiet
(92:50 / Allies) dIRTMCWORDUp: on nrothern front
(92:52 / Allies) Mata.: they're up there
(92:54 / Allies) Mata.: amybe you can lure from there
(93:03 / Allies) Mata.: well his wyrm was flyin round
(93:03 / Allies) Mata.: here
(93:19 / Allies) dIRTMCWORDUp: he got the burrow merc
(93:24 / Allies) Mata.: hehe
(93:29 / Allies) Mata.: the 1 food merc
(93:32 / Allies) dIRTMCWORDUp: yeah
(93:35 / Allies) dIRTMCWORDUp: one game
(93:38 / Allies) dIRTMCWORDUp: im getting 100 of them
(93:40 / Allies) Mata.: ya
(93:41 / Allies) Mata.: me too
(93:44 / Allies) Mata.: 200 little barbed arachnids
(93:50 / Allies) dIRTMCWORDUp: letting guy just walk on field of death
(93:57 / Allies) Mata.: burrow them all on 1 spot
(93:58 / Allies) dIRTMCWORDUp: that would be soooooooo scary
(94:07 / Allies) Mata.: then unburrow them and have them waste like 200 minutes regaining their feet
(94:09 / Allies) dIRTMCWORDUp: no way make it like an area the size of 4 castle
(94:19 / Allies) dIRTMCWORDUp: instant surround on army
(94:28 / Allies) Mata.: surround lustauren army would be hilaridad
(94:31 / Allies) Mata.: they're range tho so it's not that bad
(94:39 / Allies) Mata.: watch nova
(94:47 / Allies) Mata.: dont be such a bitch
(94:49 / Allies) Mata.: hehe level 4
(94:52 / Allies) dIRTMCWORDUp: stfu clwon
(95:00 / Allies) dIRTMCWORDUp: can bladeo defend top side t
(95:03 / Allies) dIRTMCWORDUp: ty
(95:17 / Allies) dIRTMCWORDUp: this perch going a lot better than i thought
(95:18 / Allies) Mata.: hum
(95:29 / Allies) dIRTMCWORDUp: are they goig up
(95:30 / Allies) iggy_the_fisk: well they're not v brave
(95:31 / Allies) dIRTMCWORDUp: i hope they do
(95:32 / Allies) Mata.: they can't
(95:33 / Allies) Mata.: no blink
(95:39 / Allies) dIRTMCWORDUp: he can get warden
(95:41 / Allies) dIRTMCWORDUp: he only has potm
(95:45 / Allies) Mata.: no tinies
(95:58 / Allies) Mata.: unless they're like secret theorycraft gosus
(96:02 / Allies) Mata.: and discover some new mechanics abuse
(96:14 / Allies) dIRTMCWORDUp: you could probably yomp a worker up somehow
(96:18 / Allies) Mata.: not sure
(96:21 / Allies) dIRTMCWORDUp: i mean if you can yomp blade up why not a worker
(96:22 / Allies) Mata.: weve never managed
(96:33 / Allies) Mata.: it's not yomping it's called pushin' or poppin'
(96:38 / Allies) dIRTMCWORDUp: yeah
(97:01 / Allies) iggy_the_fisk: what a trap
(97:06 / All) TALONSAREIMBA: stop
(97:10 / All) Mata.: héllo. my namea bímaldo "Mata" goodmanners.
(97:17 / All) dIRTMCWORDUp: cant go up elevation
(97:23 / All) TALONSAREIMBA: going down
(97:34 / All) Mata.: you can't go up or down
(97:36 / All) Mata.: only same elevation
(97:42 / Allies) dIRTMCWORDUp: for blade at least.
(97:43 / All) Mata.: unless you have blademaster
(98:06 / All) YEAHSHESASSBATS: bump down !_!
(98:09 / All) CruelJustice: and the ton hal
(98:10 / All) CruelJustice: town hall
(98:13 / All) CruelJustice: and then tp
(98:14 / All) Mata.: you can probably do some weird shit by burrowing like 100 food spider on top of each other then unburrow them all right as you
(98:17 / All) Mata.: drop infernal on them
(98:28 / All) dIRTMCWORDUp: youd have to block them in though with a lot of units
(98:33 / Allies) Mata.: lure that wurm
(98:39 / Allies) dIRTMCWORDUp: you guys take over
(98:41 / Allies) dIRTMCWORDUp: gotta load dishwasher
(100:08 / Allies) iggy_the_fisk: shit
(100:10 / Allies) iggy_the_fisk: that arachnatid
(100:11 / All) YEAHSHESASSBATS: TALONS HAS 50K WOOD
(100:14 / Allies) iggy_the_fisk: is real sneaky
(100:20 / Allies) iggy_the_fisk: behind the aps
(100:22 / Allies) Mata.: yeh
(100:48 / All) Mata.: Yo give us that mask of death and we'll tellyou how to get uphere
(101:00 / All) YEAHSHESASSBATS: tell us and we bump up
(101:03 / All) YEAHSHESASSBATS: u kill
(101:06 / All) YEAHSHESASSBATS: we drop mask
(101:08 / All) CruelJustice: surround + blademaster
(101:12 / All) CruelJustice: + mini town hall
(101:16 / All) CruelJustice: + tp!
(101:33 / All) Mata.: you guys are overthinking this
(101:36 / Allies) iggy_the_fisk: neva heard of occam's razor...
(101:57 / All) Mata.: apply occams razor to your wrists as it were
(102:09 / All) YEAHSHESASSBATS: U
(102:44 / All) iggy_the_fisk: how was being afk until tomorrow
(102:46 / All) iggy_the_fisk: was it fun
(102:50 / Allies) Mata.: man how crazy would it be
(102:56 / Allies) Mata.: if they discover a way to pop a unit across elevations
(103:03 / All) Mata.: lol!
(103:04 / All) CruelJustice: bye gg
(103:05 / All) Mata.: gg
(103:07 / Allies) iggy_the_fisk: outsourcing